[Event "European Womens-ch 2025"]
[Site "Rhodes"]
[Date "2025.04.05"]
[Round "6.1"]
[White "Narva, Mai"]
[Black "Khotenashvili, Bella"]
[Result "1/2-1/2"]
[Annotator "RC"]
[ECO "B13"]
[WhiteElo "2380"]
[BlackElo "2418"]
[PlyCount "40"]
[EventDate "2025.03.29"]
[EventType "swiss"]
[EventCountry "GRE"]
[SourceTitle "playchess.com"]
[Source "ChessBase"]
[SourceQuality "1"]
[TimeControl "40/5400+30:1800+30"]

1. e4 c6 2. d4 d5 3. exd5 cxd5 4. Bd3 Nc6 5. c3 Qc7 6. h3 Nf6 7. Nf3 g6 8. O-O Bf5 9. Bb5 Bg7 10. Re1 O-O 11. Be3 a6 12. Bf1 Nd7 13. Na3 b5 14. Nh4 Be6 15. Qd2 Nf6 16. Bd3 Ne4 17. Bxe4 dxe4 18. Bf4 Qd7 19. Rxe4 Bxa2 20. Bh6 Bd5 1/2-1/2

[Event "European Womens-ch 2025"]
[Site "Rhodes"]
[Date "2025.04.05"]
[Round "6.2"]
[White "Maltsevskaya, Aleksandra"]
[Black "Kirtadze, Anastasia"]
[Result "0-1"]
[Annotator "RC"]
[ECO "A33"]
[WhiteElo "2376"]
[BlackElo "2180"]
[PlyCount "110"]
[EventDate "2025.03.29"]
[EventType "swiss"]
[EventCountry "GRE"]
[SourceTitle "playchess.com"]
[Source "ChessBase"]
[SourceQuality "1"]
[TimeControl "40/5400+30:1800+30"]

1. c4 c5 2. Nf3 Nc6 3. Nc3 Nf6 4. d4 cxd4 5. Nxd4 e6 6. a3 Be7 7. e3 O-O 8. Be2 d5 9. cxd5 Nxd4 10. exd4 Nxd5 11. O-O Bf6 12. Bf3 Ne7 13. Bf4 Bxd4 14. Nb5 e5 15. Nxd4 exf4 16. Re1 Ng6 17. Nb5 Qb6 18. a4 Rd8 19. Qc2 Be6 20. Qc7 Rd7 21. Qxb6 axb6 22. h3 Nh4 23. Be4 g5 24. Nc3 Bb3 25. g3 fxg3 26. fxg3 Ng6 27. Bxg6 hxg6 28. Re5 Ra5 29. Rae1 Rxe5 30. Rxe5 Bc2 31. Re2 Bf5 32. g4 Bd3 33. Re5 f5 34. Rd5 Rxd5 35. Nxd5 b5 36. a5 Kf7 37. Nb4 Be4 38. a6 bxa6 39. Nxa6 f4 40. Nc5 Bc6 41. Kf2 Kf6 42. Ke2 Ke5 43. Kd3 Bg2 44. Nd7+ Ke6 45. Nf8+ Kd5 46. Ke2 Kc4 47. h4 gxh4 48. Nxg6 h3 49. Kf2 Be4 50. Ne5+ Kd5 51. Nf3 Bxf3 52. Kxf3 Ke5 53. b4 Kf6 54. Kf2 Kg5 55. Kf3 Kh4 0-1

[Event "European Womens-ch 2025"]
[Site "Rhodes"]
[Date "2025.04.05"]
[Round "6.3"]
[White "Roebers, Eline"]
[Black "Injac, Teodora"]
[Result "0-1"]
[Annotator "RC"]
[ECO "B12"]
[WhiteElo "2367"]
[BlackElo "2454"]
[PlyCount "74"]
[EventDate "2025.03.29"]
[EventType "swiss"]
[EventCountry "GRE"]
[SourceTitle "playchess.com"]
[Source "ChessBase"]
[SourceQuality "1"]
[TimeControl "40/5400+30:1800+30"]

1. e4 c6 2. d4 d5 3. e5 c5 4. c3 Nc6 5. Bb5 Qa5 6. Ba4 Bd7 7. dxc5 Nxe5 8. Bxd7+ Nxd7 9. b4 Qc7 10. Qxd5 Ngf6 11. Qd4 e5 12. Qc4 Be7 13. Na3 O-O 14. Ne2 Rfc8 15. Qb3 b6 16. cxb6 Nxb6 17. O-O Ne4 18. Nb1 Nc4 19. a4 Rab8 20. Qc2 Qb7 21. Qd3 Qc6 22. Ng3 Nxg3 23. Qxg3 Rd8 24. Na3 Bf6 25. Qg4 Nb6 26. a5 Nd5 27. Bb2 Nf4 28. Rfd1 Qa4 29. g3 h5 30. Qf3 Nh3+ 31. Kg2 Ng5 32. Qe2 Qc6+ 33. f3 e4 34. Qc4 exf3+ 35. Kf1 Qa4 36. Rxd8+ Rxd8 37. Re1 Qd7 0-1

[Event "European Womens-ch 2025"]
[Site "Rhodes"]
[Date "2025.04.05"]
[Round "6.4"]
[White "Milliet, Sophie"]
[Black "Socko, Monika"]
[Result "1-0"]
[Annotator "ChessBase"]
[ECO "B12"]
[WhiteElo "2371"]
[BlackElo "2369"]
[PlyCount "117"]
[EventDate "2025.03.29"]
[EventType "swiss"]
[EventCountry "GRE"]
[SourceTitle "playchess.com"]
[Source "ChessBase"]
[SourceQuality "1"]
[TimeControl "40/5400+30:1800+30"]

1. e4 c6 2. d4 d5 3. e5 c5 4. dxc5 e6 5. Be3 Nd7 6. Nf3 Bxc5 7. Bxc5 Nxc5 8. Qd4 Qb6 9. Nbd2 Ne7 10. Nb3 Nxb3 11. axb3 Qxd4 12. Nxd4 Bd7 13. f4 O-O 14. Bd3 Nc6 15. Nxc6 Bxc6 16. O-O-O a5 17. Rhf1 b5 18. g4 b4 19. f5 Rfb8 20. Rf4 Bb5 21. Kd2 Bxd3 22. Kxd3 Rb5 23. fxe6 fxe6 24. Rdf1 Rb7 25. g5 Rc8 26. h4 Rbc7 27. R1f2 Rc5 28. h5 d4 29. Re2 Rf8 30. Rxf8+ Kxf8 31. g6 hxg6 32. hxg6 Ke8 33. Ke4 d3 34. cxd3 Rc1 35. Rg2 Rf1 36. Kd4 Rf5 37. Rg1 Kd7 38. Ra1 Kc6 39. Rxa5 Rf4+ 40. Ke3 Rg4 41. d4 Kb6 42. Ra8 Rxg6 43. Kd3 Kb7 44. Rg8 Kc6 45. Kc4 Rg2 46. Rd8 Kc7 47. Rd6 Rg6 48. Kxb4 Rh6 49. Kc5 g5 50. b4 g4 51. b5 Rg6 52. b6+ Kb7 53. Rd7+ Kb8 54. Kc6 Rg8 55. Rb7+ Ka8 56. Ra7+ Kb8 57. Ra1 Rg7 58. Rf1 Rg8 59. b7 1-0

[Event "European Womens-ch 2025"]
[Site "Rhodes"]
[Date "2025.04.05"]
[Round "6.5"]
[White "Tsolakidou, Stavroula"]
[Black "Bulmaga, Irina"]
[Result "1/2-1/2"]
[Annotator "RC"]
[ECO "D35"]
[WhiteElo "2445"]
[BlackElo "2362"]
[PlyCount "108"]
[EventDate "2025.03.29"]
[EventType "swiss"]
[EventCountry "GRE"]
[SourceTitle "playchess.com"]
[Source "ChessBase"]
[SourceQuality "1"]
[TimeControl "40/5400+30:1800+30"]

1. d4 Nf6 2. c4 e6 3. Nc3 d5 4. Nf3 Be7 5. cxd5 exd5 6. Bf4 c6 7. e3 Bf5 8. Nh4 Bg4 9. Qc2 Nh5 10. h3 Be6 11. Nf3 Bd6 12. Bxd6 Qxd6 13. Bd3 g6 14. g4 Ng7 15. O-O-O Nd7 16. Kb1 O-O 17. Rdg1 c5 18. dxc5 Nxc5 19. Nd4 Rac8 20. h4 Bd7 21. Qd2 Nge6 22. Bc2 Rfe8 23. h5 Ne4 24. Bxe4 dxe4 25. hxg6 hxg6 26. Nxe4 Qe5 27. f3 Bc6 28. Nxc6 Rxc6 29. g5 Rd8 30. Qg2 Kf8 31. f4 Qd5 32. Rh8+ Ke7 33. Rxd8 Nxd8 34. Nf6 Qd3+ 35. Ka1 Rc2 36. Qd5 Qxd5 37. Nxd5+ Ke6 38. Rd1 Nc6 39. Nc3 Na5 40. Kb1 Rg2 41. b3 Nc6 42. Ne4 b6 43. Rd6+ Kf5 44. Rxc6 Kxe4 45. Rf6 Kxe3 46. Rxf7 b5 47. b4 Rg4 48. a3 Rxf4 49. Rf6 Rg4 50. Rxg6 Kf4 51. Kc2 Rg2+ 52. Kc3 Rg3+ 53. Kb2 Rg2+ 54. Kc3 Rg3+ 1/2-1/2

[Event "European Womens-ch 2025"]
[Site "Rhodes"]
[Date "2025.04.05"]
[Round "6.6"]
[White "Mammadova, Gulnar"]
[Black "Batsiashvili, Nino"]
[Result "1/2-1/2"]
[Annotator "TA"]
[ECO "B31"]
[WhiteElo "2342"]
[BlackElo "2473"]
[PlyCount "35"]
[EventDate "2025.03.29"]
[EventType "swiss"]
[EventCountry "GRE"]
[SourceTitle "playchess.com"]
[Source "ChessBase"]
[SourceQuality "1"]
[TimeControl "40/5400+30:1800+30"]

1. e4 c5 2. Nf3 Nc6 3. Bb5 g6 4. O-O Bg7 5. d3 d6 6. Bxc6+ bxc6 {[%emt 0:00:01] [#]} 7. e5 $1 {[%emt 0:00:13] The modern move. B31: Sicilian: 2...Nc6 3 Bb5 g6.} Bg4 8. exd6 exd6 9. Nbd2 {[%emt 0:00:53] White has an edge.} Ne7 {[%emt 0:02:20] The position is equal.} 10. h3 Bxf3 11. Nxf3 O-O 12. c3 Rb8 $146 (12... Qd7 13. Bg5 Nf5 14. Re1 Rae8 15. Qa4 h6 16. Bf4 Re6 17. Re4 Rb8 18. Qc2 Rbe8 {½-½ Nepomniachtchi,I (2779)-Vachier Lagrave,M (2747) Global Chess League rapid 2023 (7.1)}) 13. Qc2 Re8 14. Re1 Nd5 15. Bd2 Rxe1+ 16. Rxe1 Qd7 17. Bc1 h6 18. Qa4 {[%emt 0:03:41] Weighted Error Value: White=0.04 (flawless) /Black=0.03 (flawless)   OK:         	White=7     	Black=6} 1/2-1/2

[Event "European Womens-ch 2025"]
[Site "Rhodes"]
[Date "2025.04.05"]
[Round "6.7"]
[White "Savina, Anastasia"]
[Black "Arabidze, Meri"]
[Result "1/2-1/2"]
[Annotator "RC"]
[ECO "E49"]
[WhiteElo "2331"]
[BlackElo "2447"]
[PlyCount "79"]
[EventDate "2025.03.29"]
[EventType "swiss"]
[EventCountry "GRE"]
[SourceTitle "playchess.com"]
[Source "ChessBase"]
[SourceQuality "1"]
[TimeControl "40/5400+30:1800+30"]

1. d4 Nf6 2. c4 e6 3. Nc3 Bb4 4. e3 O-O 5. Bd3 d5 6. a3 Bxc3+ 7. bxc3 dxc4 8. Bxc4 c5 9. Ne2 Qc7 10. Bd3 Nc6 11. f4 Ne7 12. O-O b6 13. e4 cxd4 14. cxd4 Bb7 15. Ng3 Qc3 16. Ra2 Qxd4+ 17. Kh1 Rfd8 18. Rd2 Qc5 19. Bb2 Ne8 20. h3 Qa5 21. Rff2 Rd6 22. e5 Rdd8 23. f5 exf5 24. Nxf5 Nxf5 25. Bxf5 Rxd2 26. Rxd2 Qc5 27. Rd7 Qc6 28. Bxh7+ Kxh7 29. Qh5+ Qh6 30. Qxh6+ Kxh6 31. Rxb7 Kg6 32. Kh2 f6 33. e6 Nd6 34. Rd7 Nc4 35. Bc3 a6 36. a4 Re8 37. Rc7 b5 38. Rc6 Ne3 39. Rxa6 bxa4 40. Rxa4 1/2-1/2

[Event "European Womens-ch 2025"]
[Site "Rhodes"]
[Date "2025.04.05"]
[Round "6.8"]
[White "Toncheva, Nadya"]
[Black "Ushenina, Anna"]
[Result "1/2-1/2"]
[Annotator "RC"]
[ECO "A50"]
[WhiteElo "2329"]
[BlackElo "2428"]
[PlyCount "144"]
[EventDate "2025.03.29"]
[EventType "swiss"]
[EventCountry "GRE"]
[SourceTitle "playchess.com"]
[Source "ChessBase"]
[SourceQuality "1"]
[TimeControl "40/5400+30:1800+30"]

1. d4 Nf6 2. c4 b6 3. Nc3 Bb7 4. f3 d5 5. cxd5 Nxd5 6. e4 Nxc3 7. bxc3 e6 8. Bd3 c5 9. Ne2 Be7 10. O-O O-O 11. Be3 cxd4 12. cxd4 Nc6 13. Rc1 Rc8 14. Qa4 Qd6 15. Rfd1 Qb4 16. Qxb4 Nxb4 17. Bb1 Ba6 18. Kf2 Rfd8 19. a3 Nc6 20. Bd3 Bb7 21. Rc3 Na5 22. Rdc1 Rxc3 23. Rxc3 Kf8 24. g4 h6 25. f4 Rc8 26. Rxc8+ Bxc8 27. Bc1 Bd7 28. f5 Ba4 29. Nf4 Bb3 30. fxe6 fxe6 31. Ng6+ Kf7 32. Nxe7 Kxe7 33. Bb5 Nc4 34. Ke2 Nd6 35. Bc6 Bc4+ 36. Ke3 Bb3 37. Kd3 Bc4+ 38. Kc3 Be2 39. g5 hxg5 40. Bxg5+ Kf7 41. a4 Bf3 42. Kd3 Bg2 43. Bf4 Ke7 44. Be5 g6 45. h4 Bf1+ 46. Ke3 Nc4+ 47. Kf4 Na5 48. Bb5 Bc4 49. Bc7 a6 50. Bxc4 Nxc4 51. Kg5 Kf7 52. d5 exd5 53. exd5 b5 54. axb5 axb5 55. d6 Ne5 56. Ba5 Ke6 57. Bb4 Nf3+ 58. Kxg6 Nxh4+ 59. Kg5 Ng2 60. Kg4 Ne3+ 61. Kf3 Nc4 62. Ke4 Nxd6+ 63. Bxd6 Kxd6 64. Kd4 Kc6 65. Kc3 Kc5 66. Kb3 b4 67. Kb2 Kc4 68. Kc2 b3+ 69. Kb2 Kb4 70. Kb1 Kc3 71. Kc1 b2+ 72. Kb1 Kb3 1/2-1/2

[Event "European Womens-ch 2025"]
[Site "Rhodes"]
[Date "2025.04.05"]
[Round "6.9"]
[White "Unuk, Laura"]
[Black "Beydullayeva, Govhar"]
[Result "0-1"]
[Annotator "RC"]
[ECO "E11"]
[WhiteElo "2301"]
[BlackElo "2400"]
[PlyCount "74"]
[EventDate "2025.03.29"]
[EventType "swiss"]
[EventCountry "GRE"]
[SourceTitle "playchess.com"]
[Source "ChessBase"]
[SourceQuality "1"]
[TimeControl "40/5400+30:1800+30"]

1. d4 Nf6 2. c4 e6 3. Nf3 d5 4. g3 Bb4+ 5. Bd2 Be7 6. Bg2 Nbd7 7. O-O c6 8. Qc2 b6 9. Bf4 Bb7 10. Nbd2 Nh5 11. cxd5 exd5 12. Be3 O-O 13. h4 Nhf6 14. Rfd1 c5 15. dxc5 bxc5 16. Rac1 h6 17. Bf4 Re8 18. e3 Bf8 19. Qf5 g6 20. Qh3 Qe7 21. b4 Bg7 22. bxc5 Nxc5 23. Nb3 Bc8 24. Qh1 Nce4 25. Ne5 Qa3 26. f3 Qxa2 27. fxe4 Rxe5 28. Bxe5 Ng4 29. Nd2 Bxe5 30. Bh3 Nxe3 31. Bxc8 Nxd1 32. Rxd1 Rxc8 33. exd5 Qc2 34. Qf3 Rc3 35. Qe2 Rxg3+ 36. Kf2 Qc5+ 37. Ke1 Re3 0-1

[Event "European Womens-ch 2025"]
[Site "Rhodes"]
[Date "2025.04.05"]
[Round "6.10"]
[White "Danielian, Elina"]
[Black "Heinemann, Josefine"]
[Result "1-0"]
[Annotator "RC"]
[ECO "D45"]
[WhiteElo "2398"]
[BlackElo "2297"]
[PlyCount "119"]
[EventDate "2025.03.29"]
[EventType "swiss"]
[EventCountry "GRE"]
[SourceTitle "playchess.com"]
[Source "ChessBase"]
[SourceQuality "1"]
[TimeControl "40/5400+30:1800+30"]

1. d4 d5 2. c4 c6 3. Nf3 Nf6 4. Nc3 e6 5. e3 Nbd7 6. Qc2 Bd6 7. b3 O-O 8. Bb2 e5 9. cxd5 cxd5 10. dxe5 Nxe5 11. Be2 Nxf3+ 12. Bxf3 Be6 13. O-O Rc8 14. Qd3 Be5 15. Rac1 Qa5 16. a3 Rfd8 17. b4 Qb6 18. Rfd1 h6 19. h3 a6 20. Na4 Qd6 21. Bd4 Bxd4 22. Qxd4 a5 23. Nc5 Rc7 24. e4 Qe7 25. e5 Nh7 26. Nxe6 fxe6 27. Bg4 Nf8 28. bxa5 Rxc1 29. Rxc1 Qxa3 30. Ra1 Qe7 31. Rb1 Ra8 32. Rb5 Ra6 33. Qb2 Qc7 34. Kh2 Rxa5 35. Rxb7 Qc4 36. Rb8 d4 37. Qb6 Ra6 38. Qd8 Qc5 39. f4 d3 40. Qxd3 Rb6 41. Ra8 Qb4 42. Qf3 g6 43. Qg3 Qe4 44. Bf3 Qf5 45. Bg4 Qe4 46. Rc8 Qb7 47. Qc3 h5 48. Qc5 Qf7 49. Qxb6 Qxf4+ 50. Kg1 hxg4 51. Qxe6+ Kg7 52. Qf6+ Qxf6 53. exf6+ Kf7 54. h4 Ne6 55. Kf2 Kxf6 56. Kg3 Kf5 57. Ra8 Ke5 58. Kxg4 Kf6 59. Ra6 Kf7 60. Rxe6 1-0

[Event "European Womens-ch 2025"]
[Site "Rhodes"]
[Date "2025.04.05"]
[Round "6.11"]
[White "Kochavi, Dana"]
[Black "Daulyte-Cornette, Deimante"]
[Result "1/2-1/2"]
[Annotator "RC"]
[ECO "C64"]
[WhiteElo "2301"]
[BlackElo "2389"]
[PlyCount "148"]
[EventDate "2025.03.29"]
[EventType "swiss"]
[EventCountry "GRE"]
[SourceTitle "playchess.com"]
[Source "ChessBase"]
[SourceQuality "1"]
[TimeControl "40/5400+30:1800+30"]

1. e4 e5 2. Nf3 Nc6 3. Bb5 a6 4. Ba4 Bc5 5. O-O Nge7 6. c3 Ba7 7. d4 Ng6 8. Be3 O-O 9. d5 Bxe3 10. dxc6 b5 11. fxe3 bxa4 12. Qxa4 dxc6 13. Rd1 Qe7 14. Qxc6 Rb8 15. b3 Rb6 16. Qc4 Nh4 17. Nbd2 Rg6 18. Nxh4 Qxh4 19. Nf1 Be6 20. Qc5 Qxe4 21. Ng3 Qc2 22. Qxe5 h5 23. c4 Bg4 24. Rdc1 Qd2 25. Qd4 Rd8 26. Qxd2 Rxd2 27. Kh1 h4 28. Ne4 Rb2 29. Rf1 Re2 30. Nc3 Rxe3 31. Nd5 Re4 32. Rfe1 Rge6 33. Rxe4 Rxe4 34. h3 c6 35. Nb4 Bc8 36. Nxc6 Re2 37. Nd4 Rd2 38. Nf3 Rc2 39. Nxh4 Bb7 40. Nf3 a5 41. Kg1 Bxf3 42. gxf3 Kf8 43. a4 Rb2 44. Rc1 Rxb3 45. c5 Ke7 46. c6 Kd8 47. Rd1+ Kc7 48. Rd7+ Kxc6 49. Rxf7 Rb4 50. Rxg7 Rxa4 51. Kg2 Kd6 52. Kg3 Ke6 53. h4 Kf6 54. Ra7 Kg6 55. Ra6+ Kh5 56. Ra8 Kg6 57. Rg8+ Kf7 58. Rg5 Ra1 59. Kf4 Ra4+ 60. Ke3 Rxh4 61. Rxa5 Kf6 62. Ra8 Rb4 63. Kf2 Kf5 64. Kg3 Rc4 65. Rf8+ Kg6 66. f4 Rc1 67. f5+ Kg7 68. Ra8 Kf6 69. Ra5 Rc4 70. Kf3 Rb4 71. Ke3 Rc4 72. Kd3 Rf4 73. Ke3 Rxf5 74. Rxf5+ Kxf5 1/2-1/2

[Event "European Womens-ch 2025"]
[Site "Rhodes"]
[Date "2025.04.05"]
[Round "6.12"]
[White "Mkrtchian, Lilit"]
[Black "Smietanska, Wiktoria"]
[Result "1-0"]
[Annotator "RC"]
[ECO "D02"]
[WhiteElo "2388"]
[BlackElo "2254"]
[PlyCount "93"]
[EventDate "2025.03.29"]
[EventType "swiss"]
[EventCountry "GRE"]
[SourceTitle "playchess.com"]
[Source "ChessBase"]
[SourceQuality "1"]
[TimeControl "40/5400+30:1800+30"]

1. d4 d5 2. Nf3 Nf6 3. c3 e6 4. Bf4 c5 5. e3 Nc6 6. Nbd2 Bd6 7. Bg3 O-O 8. Bd3 Re8 9. Ne5 Qc7 10. f4 a6 11. Qf3 b5 12. Bh4 Be7 13. Qh3 h6 14. g4 cxd4 15. exd4 Nxe5 16. fxe5 Ne4 17. Bxe7 Qxe7 18. Nxe4 dxe4 19. Bxe4 Bb7 20. Bxb7 Qxb7 21. O-O b4 22. Rf3 bxc3 23. bxc3 Qe4 24. Raf1 Ra7 25. Qh5 Rb8 26. g5 Rb1 27. gxh6 gxh6 28. Rxb1 Qxb1+ 29. Rf1 Qe4 30. Qf3 Qxf3 31. Rxf3 Rb7 32. c4 Rb1+ 33. Rf1 Rb2 34. Rf2 Rb1+ 35. Kg2 Rd1 36. Rc2 Rxd4 37. c5 Rd7 38. c6 Rc7 39. Kf3 Kf8 40. Ke4 Ke7 41. Kd4 f6 42. exf6+ Kd6 43. Ke4 a5 44. Rd2+ Kc5 45. Ke5 Kb5 46. Rc2 a4 47. Kxe6 1-0

[Event "European Womens-ch 2025"]
[Site "Rhodes"]
[Date "2025.04.05"]
[Round "6.13"]
[White "Zimina, Olga"]
[Black "Vega Gutierrez, Sabrina"]
[Result "1/2-1/2"]
[Annotator "RC"]
[ECO "B13"]
[WhiteElo "2293"]
[BlackElo "2380"]
[PlyCount "77"]
[EventDate "2025.03.29"]
[EventType "swiss"]
[EventCountry "GRE"]
[SourceTitle "playchess.com"]
[Source "ChessBase"]
[SourceQuality "1"]
[TimeControl "40/5400+30:1800+30"]

1. d4 d5 2. Bf4 c5 3. e3 Nc6 4. Nf3 cxd4 5. exd4 Bg4 6. Nbd2 e6 7. c3 Bd6 8. Bxd6 Qxd6 9. Bd3 Nge7 10. O-O Bf5 11. Ne1 g5 12. b4 h5 13. b5 Na5 14. Qa4 b6 15. Nb3 Bxd3 16. Nxd3 Nc4 17. Rae1 Qa3 18. Qa6 Nf5 19. Nb4 O-O 20. Re2 Rfc8 21. h3 Kg7 22. g4 hxg4 23. hxg4 Nfd6 24. f4 Rh8 25. f5 Qxa6 26. Nxa6 Rh4 27. fxe6 Rxg4+ 28. Kf2 Ne4+ 29. Ke1 fxe6 30. Nc7 Rc8 31. Nxe6+ Kg8 32. Rh2 Rg3 33. Rh6 Re3+ 34. Kd1 Nxc3+ 35. Kc2 Na3+ 36. Kd2 Nc4+ 37. Kc2 Na3+ 38. Kd2 Nc4+ 39. Kc2 1/2-1/2

[Event "European Womens-ch 2025"]
[Site "Rhodes"]
[Date "2025.04.05"]
[Round "6.14"]
[White "Kiolbasa, Oliwia"]
[Black "Zherebtsova, Alexandra"]
[Result "1/2-1/2"]
[Annotator "ChessBase"]
[ECO "C24"]
[WhiteElo "2360"]
[BlackElo "2229"]
[PlyCount "99"]
[EventDate "2025.03.29"]
[EventType "swiss"]
[EventCountry "GRE"]
[SourceTitle "playchess.com"]
[Source "ChessBase"]
[SourceQuality "1"]
[TimeControl "40/5400+30:1800+30"]

1. e4 e5 2. Nf3 Nc6 3. Bc4 Nf6 4. d3 d5 5. exd5 Nxd5 6. O-O Be7 7. Re1 f6 8. d4 Nb6 9. Bb5 O-O 10. Bxc6 bxc6 11. dxe5 Qxd1 12. Rxd1 Bg4 13. Nbd2 fxe5 14. Re1 Bd6 15. Ng5 Nd5 16. a3 Nf4 17. f3 Bf5 18. Nge4 Ne6 19. b3 Nd4 20. Ra2 Be6 21. Nf1 c5 22. Be3 Rfe8 23. Nfd2 Rab8 24. Bf2 h6 25. a4 a6 26. Kf1 Kf8 27. h4 Bf7 28. Bg3 Rb7 29. Bf2 Reb8 30. Rd1 Be7 31. Re1 Bd6 32. g3 c4 33. Nxc4 Bxc4+ 34. bxc4 Nxf3 35. Rd1 Rb1 36. Rxb1 Rxb1+ 37. Ke2 Nh2 38. Nxd6 cxd6 39. c5 Ke7 40. Ra3 Rb2 41. Rc3 dxc5 42. Rxc5 Ng4 43. Be1 Kd6 44. Rc8 e4 45. Bd2 h5 46. a5 Kd5 47. Rd8+ Kc4 48. Rc8+ Kd5 49. Bf4 Ra2 50. Bd2 1/2-1/2

[Event "European Womens-ch 2025"]
[Site "Rhodes"]
[Date "2025.04.05"]
[Round "6.15"]
[White "Gaponenko, Inna"]
[Black "Urh, Zala"]
[Result "0-1"]
[Annotator "ChessBase"]
[ECO "C45"]
[WhiteElo "2349"]
[BlackElo "2244"]
[PlyCount "104"]
[EventDate "2025.03.29"]
[EventType "swiss"]
[EventCountry "GRE"]
[SourceTitle "playchess.com"]
[Source "ChessBase"]
[SourceQuality "1"]
[TimeControl "40/5400+30:1800+30"]

1. e4 e5 2. Nf3 Nc6 3. d4 exd4 4. Nxd4 Bc5 5. Be3 Qf6 6. c3 Nge7 7. Bb5 a6 8. Bxc6 Nxc6 9. O-O O-O 10. Nc2 Bxe3 11. Nxe3 Ne7 12. Nd2 Qe6 13. Qb3 d6 14. Nd5 Nxd5 15. exd5 Qg6 16. c4 Qg5 17. Ne4 Qf4 18. Rfe1 b6 19. Qg3 Qxg3 20. Nxg3 Bd7 21. Re7 Rad8 22. f3 Rfe8 23. Rae1 Rxe7 24. Rxe7 Kf8 25. Re3 Rb8 26. Rc3 Ke7 27. Kf2 b5 28. c5 dxc5 29. Rxc5 Rc8 30. b4 f5 31. Ke3 g6 32. h4 Kd6 33. Kf4 h6 34. Ne2 Rg8 35. Nd4 g5+ 36. hxg5 hxg5+ 37. Ke3 Re8+ 38. Kd3 Re5 39. g3 Rxd5 40. Rxd5+ Kxd5 41. f4 gxf4 42. gxf4 c5 43. bxc5 Kxc5 44. a3 Kd5 45. Nb3 Be8 46. Nd4 a5 47. Nb3 b4 48. Nxa5 bxa3 49. Kc2 Bf7 50. Kb1 Bg8 51. Ka1 Kc5 52. Nb7+ Kc6 0-1

[Event "European Womens-ch 2025"]
[Site "Rhodes"]
[Date "2025.04.05"]
[Round "6.16"]
[White "Wagner, Dinara"]
[Black "Velikic, Adela"]
[Result "1/2-1/2"]
[Annotator "RC"]
[ECO "D35"]
[WhiteElo "2440"]
[BlackElo "2214"]
[PlyCount "75"]
[EventDate "2025.03.29"]
[EventType "swiss"]
[EventCountry "GRE"]
[SourceTitle "playchess.com"]
[Source "ChessBase"]
[SourceQuality "1"]
[TimeControl "40/5400+30:1800+30"]

1. d4 d5 2. c4 e6 3. Nf3 Nf6 4. Nc3 Nbd7 5. cxd5 exd5 6. Bf4 Nb6 7. e3 Bf5 8. h3 c6 9. Nh4 Bg6 10. Nxg6 hxg6 11. Be2 Bd6 12. Bxd6 Qxd6 13. Qb3 Qe7 14. a4 Nc8 15. Qa3 Nd6 16. b4 a6 17. O-O g5 18. Qb3 g4 19. Bxg4 Nxg4 20. hxg4 Nc4 21. Qd1 O-O-O 22. Qd3 Rd6 23. Rfe1 Rdh6 24. Kf1 Qxb4 25. Reb1 Nd2+ 26. Ke2 Nxb1 27. Rxb1 Qe7 28. a5 Rh1 29. Na4 Rxb1 30. Qxb1 Qe4 31. Qb4 Qxg4+ 32. Kd2 Qxg2 33. Qd6 Qxf2+ 34. Kd3 Qf1+ 35. Kd2 Qf2+ 36. Kd3 Qf1+ 37. Kd2 Qf2+ 38. Kd3 1/2-1/2

[Event "European Womens-ch 2025"]
[Site "Rhodes"]
[Date "2025.04.05"]
[Round "6.17"]
[White "Javakhishvili, Lela"]
[Black "Wikar, Martyna"]
[Result "1-0"]
[Annotator "RC"]
[ECO "A37"]
[WhiteElo "2429"]
[BlackElo "2239"]
[PlyCount "79"]
[EventDate "2025.03.29"]
[EventType "swiss"]
[EventCountry "GRE"]
[SourceTitle "playchess.com"]
[Source "ChessBase"]
[SourceQuality "1"]
[TimeControl "40/5400+30:1800+30"]

1. Nf3 c5 2. c4 Nc6 3. g3 e5 4. Bg2 d6 5. Nc3 g6 6. a3 a5 7. O-O Bg7 8. d3 Nge7 9. Rb1 O-O 10. Bd2 h6 11. Ne1 Be6 12. Nd5 Bxd5 13. cxd5 Nd4 14. e3 Nb5 15. Qb3 Qd7 16. a4 Nc7 17. Nc2 b5 18. axb5 Rfb8 19. Na3 Nxb5 20. Qa4 Qb7 21. Nc4 Ra6 22. Nxa5 Rba8 23. b4 cxb4 24. Bxb4 Qb6 25. Nc4 Qb7 26. Ba5 Rb8 27. Rb3 Nc8 28. Rfb1 Nca7 29. Na3 Ra8 30. Bf1 Bf6 31. Qb4 Qe7 32. Nc4 Kg7 33. Qd2 Qe8 34. d4 exd4 35. Nb6 dxe3 36. fxe3 Qd8 37. Bxb5 Nxb5 38. Rxb5 R8a7 39. Nc4 Qc8 40. Qd3 1-0

[Event "European Womens-ch 2025"]
[Site "Rhodes"]
[Date "2025.04.05"]
[Round "6.18"]
[White "Krasteva, Beloslava"]
[Black "Fataliyeva, Ulviyya"]
[Result "1-0"]
[Annotator "RC"]
[ECO "E49"]
[WhiteElo "2257"]
[BlackElo "2387"]
[PlyCount "85"]
[EventDate "2025.03.29"]
[EventType "swiss"]
[EventCountry "GRE"]
[SourceTitle "playchess.com"]
[Source "ChessBase"]
[SourceQuality "1"]
[TimeControl "40/5400+30:1800+30"]

1. d4 Nf6 2. c4 e6 3. Nc3 Bb4 4. e3 O-O 5. Bd3 d5 6. a3 Bxc3+ 7. bxc3 dxc4 8. Bxc4 c5 9. Bd3 Qc7 10. Bb2 Nc6 11. Nf3 e5 12. dxe5 Nxe5 13. Nxe5 Qxe5 14. Qe2 Re8 15. c4 Qg5 16. Qf3 Bg4 17. Bxf6 Qxf6 18. Qxf6 gxf6 19. Kd2 Rad8 20. Kc3 Rd6 21. Bc2 Bh5 22. Rhe1 Bg6 23. Red1 Rb6 24. Rd5 Bxc2 25. Kxc2 Rc8 26. Rad1 Rcc6 27. Rd8+ Kg7 28. R1d7 Ra6 29. Rxb7 Rxa3 30. Rdd7 Ra2+ 31. Kd3 Kg6 32. Rxf7 Kf5 33. e4+ Kf4 34. g3+ Kf3 35. e5 Rxf2 36. Rxf6+ Rxf6 37. exf6 Kg2 38. f7 Rf1 39. Rxa7 Kxh2 40. Ke4 Kxg3 41. Ke5 h5 42. Ke6 h4 43. Ra8 1-0

[Event "European Womens-ch 2025"]
[Site "Rhodes"]
[Date "2025.04.05"]
[Round "6.19"]
[White "Gevorgyan, Maria"]
[Black "Atalik, Ekaterina"]
[Result "1-0"]
[Annotator "RC"]
[ECO "A45"]
[WhiteElo "2234"]
[BlackElo "2375"]
[PlyCount "75"]
[EventDate "2025.03.29"]
[EventType "swiss"]
[EventCountry "GRE"]
[SourceTitle "playchess.com"]
[Source "ChessBase"]
[SourceQuality "1"]
[TimeControl "40/5400+30:1800+30"]

1. d4 Nf6 2. Bf4 c5 3. e3 Qb6 4. Nc3 cxd4 5. exd4 d6 6. Qd2 g6 7. O-O-O Bg7 8. Bh6 O-O 9. h4 e5 10. Be3 Qa5 11. h5 Bf5 12. f3 Nc6 13. g4 exd4 14. gxf5 dxc3 15. Qxc3 Nb4 16. Qb3 Rac8 17. Bd2 Nfd5 18. a3 Nxc2 19. Bxa5 Nd4+ 20. Qc4 Ne3 21. Qxc8 Nb3+ 22. Kb1 Rxc8 23. Rd3 Rc1+ 24. Ka2 Nxa5 25. Rxe3 Rxf1 26. f6 Bf8 27. Re2 Nc6 28. Reh2 g5 29. Nh3 Rxf3 30. Nxg5 Rg3 31. Ne4 Rg4 32. Rh4 Rg2 33. R1h2 Rg1 34. Rd2 Ne5 35. Rhh2 d5 36. Rxd5 Ng4 37. Rg5+ Kh8 38. Rh4 1-0

[Event "European Womens-ch 2025"]
[Site "Rhodes"]
[Date "2025.04.05"]
[Round "6.20"]
[White "Calzetta Ruiz, Monica"]
[Black "Guichard, Pauline"]
[Result "1/2-1/2"]
[Annotator "ChessBase"]
[ECO "B13"]
[WhiteElo "2230"]
[BlackElo "2355"]
[PlyCount "23"]
[EventDate "2025.03.29"]
[EventType "swiss"]
[EventCountry "GRE"]
[SourceTitle "playchess.com"]
[Source "ChessBase"]
[SourceQuality "1"]
[TimeControl "40/5400+30:1800+30"]

1. e4 c6 2. d4 d5 3. exd5 cxd5 4. c4 Nf6 5. Nc3 Nc6 6. Nf3 Bg4 7. cxd5 Nxd5 8. Qb3 Bxf3 9. gxf3 e6 10. Qxb7 Nxd4 11. Bb5+ Nxb5 12. Qc6+ 1/2-1/2